 Dungeon Crawl Stone Soup version 0.30-a0-948-g4fa250aae5 (webtiles) character file.

Game seed: 6488196533146653397

3946 billz999 the Fighter (level 10, -12/84 HPs)
             Began as a Djinni Ice Elementalist on Mar 27, 2023.
             Was an Initiate of Gozag.
             Mangled by a two-headed ogre
             ... wielding a +0 giant spiked club
              (30 damage)
             ... on level 9 of the Dungeon.
             The game lasted 00:14:27 (8280 turns).

billz999 the Fighter (Djinni Ice Elementalist)      Turns: 8280, Time: 00:14:27

Health: -12/84     AC: 13    Str:  7    XL:     10   Next: 44%
Gold:   82         EV: 22    Int: 29    God:    Gozag SH:  0 Dex: 10

rFire   + + .      SeeInvis .    y - +7 sling (freeze)
rCold   . . .      Faith    .    (no shield)
rNeg    . . .      Spirit   .    a - +0 robe
rPois   ∞          Reflect  .    v - +2 hat of Beyond {Int+8 Dex-4}
rElec   .          Rampage  .    (no cloak)
rCorr   .                        (no gloves)
Will    +....                    (boots unavailable)
Stlth   ++                       (no amulet)
HPRegen 0.34/turn                d - +5 ring of evasion
MPRegen 0.00/turn                e - ring of Subon {rC+ EV+5}

@: ice-armoured, gold aura, freezing walls, flying, studying Fighting
A: sickness immunity, fire resistance 2, cold vulnerability 1, float, innate
caster, HP casting, extra vitality 1
a: Renounce Religion, Potion Petition, Call Merchant, Bribe Branch


You were on level 9 of the Dungeon.
You worshipped Gozag.
Gozag was noncommittal.
You visited 2 branches of the dungeon, and saw 10 of its levels.

You collected 1073 gold pieces.
You spent 936 gold pieces at shops.
You paid 55 gold pieces to Gozag.

Inventory:

Hand Weapons
 j - a +2 dagger of freezing
 y - a +7 sling of freezing (weapon)
Armour
 a - a +0 robe (worn)
 v - the +2 hat of Beyond (worn) {Int+8 Dex-4}
   (You bought it in a shop on level 1 of the Dungeon)

   Int:       It affects your intelligence (+8).
   Dex:       It affects your dexterity (-4).
 B - the +4 chain mail of Vampiric Thralls {*Corrode rF+ rC+ Dex+3}
   (You found it on level 7 of the Dungeon)

   Dex:       It affects your dexterity (+3).
   rF:        It protects you from fire.
   rC:        It protects you from cold.
   *Corrode:  It may corrode you when you take damage.
Jewellery
 d - a +5 ring of evasion (left hand)
 e - the ring of Subon (right hand) {rC+ EV+5}
   (You bought it in a shop on level 8 of the Dungeon)

   [ring of evasion]

   EV:        It affects your evasion (+5).
   rC:        It protects you from cold.
 l - a ring of see invisible
 w - a ring of flight
Wands
 x - a wand of flame (25)
 A - a wand of mindburst (3)
 D - a wand of roots (14)
Scrolls
 b - a scroll of identify
 h - a scroll of poison
 o - a scroll of blinking
 p - a scroll of summoning
 q - 2 scrolls of noise
 r - 2 scrolls of vulnerability
 z - 4 scrolls of teleportation
 C - a scroll of magic mapping
Potions
 c - a potion of cancellation
 f - 2 potions of degeneration
 g - 2 potions of curing
 i - 2 potions of mutation
 k - 4 potions of might
 m - 4 potions of heal wounds
 n - 3 potions of brilliance
 s - a potion of flight
 t - a potion of attraction
 u - a potion of invisibility


   Skills:
 - Level 12.0 Fighting
 + Level 5.3 Ranged Weapons
 - Level 2.1 Dodging
 - Level 1.5 Stealth
 - Level 7.0 Spellcasting


You knew the following spells:

 Your Spells              Type           Power      Damage    Failure   Level
a - Freeze                Ice            100%       1d10      1%          1
b - Frozen Ramparts       Ice            100%       1d16      1%          3
c - Ozocubu's Armour      Ice            50%        N/A       1%          3
d - Summon Ice Beast      Ice/Summ       50%        N/A       2%          4
e - Necrotise             Necr           100%       1d9       1%          1
f - Passwall              Tmut/Erth      41%        N/A       1%          2
g - Portal Projectile     Hex/Tloc       100%       N/A       1%          3
h - Ignite Poison         Fire/Tmut/Pois 50%        N/A       1%          3
Your spell library was empty.

Dungeon Overview and Level Annotations

Branches:
Dungeon (9/15)             Temple (1/1) D:4
   Lair: D:8-11         Orc: D:9-12

Altars:
Ashenzari
Cheibriados
Dithmenos
Elyvilon
Fedhas
Gozag
Hepliaklqana
Makhleb
Nemelex Xobeh
Okawaru
Ru
Trog
Uskayaw
Wu Jian
Xom
Yredelemnul
Zin
The Shining One

Shops:
D:1 *   D:3 (   D:6 ?   D:8 =

Annotations:
D:4 1 runed translucent door, Zonian's ghost, amateur TeGl


Innate Abilities, Weirdness & Mutations

You are immune to sickness and miasma.
You are immune to poison.
Your flesh is very heat resistant. (rF++)
You are vulnerable to cold. (rC-)
You float through the air rather than walking.
You learn spells naturally, not from books.
Your magical power is your life essence.
You have superior vitality. (+4 MHP)


Message History

The sling bullet freezes the two-headed ogre.
The two-headed ogre is lightly wounded.
You shoot a sling bullet.
The sling bullet hits the two-headed ogre but does no damage.
The two-headed ogre is lightly wounded.
The frozen ramparts melt away.
Casting: Frozen Ramparts (safe; 1% risk of failure)
Confirm with . or Enter, or press ? or * to list all spells.
Casting: Frozen Ramparts (safe; 1% risk of failure)
Press: ? - help, Dir - look around, f - activate The walls around you are covered in ice.
The wall freezes the two-headed ogre!
The two-headed ogre completely misses you.
The two-headed ogre barely misses you.
Casting: Frozen Ramparts (safe; 1% risk of failure)
Confirm with . or Enter, or press ? or * to list all spells.
A film of ice covers your body!
Unknown command.
Casting: Ozocubu's Armour (safe; 1% risk of failure)
Confirm with . or Enter, or press ? or * to list all spells.
Aiming: Freeze (safe; 1% risk of failure)
Press: ? - help, Shift-Dir - straight line, f - two-headed ogre
Aim: a two-headed ogre, wielding two +0 giant spiked clubs (moderately wounded)
You freeze the two-headed ogre!
The two-headed ogre is heavily wounded.
The wall freezes the two-headed ogre!
The two-headed ogre hits you with a +0 giant spiked club! x2
* * * LOW HITPOINT WARNING * * *
Casting: Freeze (safe; 1% risk of failure)
Confirm with . or Enter, or press ? or * to list all spells.
Aiming: Freeze (safe; 1% risk of failure)
Press: ? - help, Shift-Dir - straight line, f/p - two-headed ogre
Aim: a two-headed ogre, wielding two +0 giant spiked clubs (severely wounded)
You freeze the two-headed ogre.
The two-headed ogre is severely wounded.
* * * LOW HITPOINT WARNING * * *
The wall freezes the two-headed ogre!
The two-headed ogre hits you with a +0 giant spiked club!!
You die...
Your body crumbles into a pile of gold.

.#####+#####...##.###.###
...)..............#.....#
..................###.###
..................#.....#
###...###########.###.###
###+# #.....##.#.....#
.........###.###
..............#
.......@......#
###+#####O....##
.......##.....#
......)..$....#
..............+
..............#
.......##.....# .......
#.....# ...c... ......#


You could see a two-headed ogre.

Vanquished Creatures
  A wraith (D:6)
  2 steam dragons
  3 water moccasins
  2 orc warriors (D:7)
  A sky beast (D:8)
  4 black bears
  An ogre (D:5)
  5 centaurs
  2 kobold brigands
  3 bullfrogs
  6 scorpions
  3 wights (D:8)
  8 killer bees (D:8)
  4 howler monkeys
  A crimson imp (D:8)
  5 jellies
  2 hounds
  2 orc priests
  A gnoll bouda (D:5)
  A sleepcap (D:5)
  3 iguanas
  5 orc wizards
  7 adders
  4 gnolls
  A shadow imp (D:6)
  2 white imps
  An ufetubus (D:5)
  3 worms
  2 dart slugs (D:1)
  18 orcs
  5 ball pythons
  5 endoplasms
  A giant cockroach (D:1)
  3 goblins
  A hobgoblin (D:1)
  A jackal (D:5)
  2 quokkas (D:4)
  2 bats
  12 kobolds
  5 rats
140 creatures vanquished.

Vanquished Creatures (others)
  An angel (D:5)
1 creature vanquished.

Grand Total: 141 creatures vanquished

Notes
Turn   | Place    | Note
-------+----------+-------------------------------------------
     0 | D:1      | billz999 the Djinni Ice Elementalist began the quest for
                  | the Orb.
     0 | D:1      | billz999 set off with the following spells memorised:
                  | Freeze, Frozen Ramparts, Ozocubu's Armour, Summon Ice
                  | Beast.
     0 | D:1      | Reached XP level 1. HP: 15/15 MP: 0/0
    87 | D:1      | Reached XP level 2. HP: 7/21 MP: 0/0
   837 | D:1      | Reached XP level 3. HP: 24/25 MP: 0/0
   837 | D:1      | Learned a level 1 spell: Necrotise
   941 | D:1      | Found Zeckiaro's Assorted Antiques.
  1095 | D:2      | Found a broken altar of Ashenzari.
  1596 | D:2      | You are sucked into a shaft and drop 1 floor!
  1986 | D:3      | Found Laucha's Weapon Shop.
  2083 | D:3      | Found a sacrificial altar of Ru.
  2086 | D:3      | Identified the staff of death "Ralag" {rN+ Str+4}
  2245 | D:3      | Reached XP level 4. HP: 24/31 MP: 0/0
  2286 | D:3      | Noticed a water moccasin
  2290 | D:3      | Killed a water moccasin
  2291 | D:3      | Reached skill level 5 in Spellcasting
  2291 | D:3      | Reached XP level 5. HP: 22/35 MP: 0/0
  2291 | D:3      | Learned a level 2 spell: Passwall
  2507 | D:4      | Reached XP level 6. HP: 36/40 MP: 0/0
  2580 | D:4      | Found a staircase to the Ecumenical Temple.
  2589 | Temple   | Entered the Ecumenical Temple
  2884 | Temple   | Became a worshipper of Gozag Ym Sagoz the Greedy
  2925 | D:4      | Found a snail-covered altar of Cheibriados.
  3046 | D:4      | Found a shadowy altar of Dithmenos.
  3371 | D:4      | Found a runed translucent door.
  3372 | D:4      | Noticed Zonian's ghost (amateur TeGl)
  3426 | D:5      | Entered Level 5 of the Dungeon
  3429 | D:5      | Noticed an angel
  3432 | D:5      | Found a shimmering altar of Xom.
  3433 | D:5      | Found a glowing silver altar of Zin.
  3626 | D:5      | Killed an angel
  3653 | D:5      | Reached XP level 7. HP: 24/45 MP: 0/0
  3653 | D:5      | Learned a level 3 spell: Portal Projectile
  4131 | D:5      | Reached skill level 1 in Fighting
  4406 | D:1      | Bought a twisted hat for 216 gold pieces
  4406 | D:1      | Identified the +2 hat of Beyond {Int+8 Dex-4} (You bought
                  | it in a shop on level 1 of the Dungeon)
  4411 | D:1      | Bought a notched ruby ring for 120 gold pieces
  4520 | D:5      | Reached XP level 8. HP: 51/54 MP: 0/0
  4566 | D:5      | Reached skill level 2 in Fighting
  4636 | D:5      | Reached skill level 3 in Fighting
  4740 | D:5      | Reached skill level 4 in Fighting
  5230 | D:6      | Reached skill level 5 in Fighting
  5269 | D:6      | Found Coisopny's Magic Scroll Boutique.
  5467 | D:6      | Noticed a wraith
  5479 | D:6      | Reached skill level 6 in Fighting
  5494 | D:6      | HP: 1/62 [wraith (11)]
  5495 | D:6      | Killed a wraith
  5496 | D:6      | Reached skill level 7 in Fighting
  5496 | D:6      | Reached XP level 9. HP: 2/68 MP: 0/0
  5496 | D:6      | Learned a level 3 spell: Ignite Poison
  6042 | D:7      | Found an ornate altar of the Wu Jian Council.
  6131 | D:7      | Reached skill level 8 in Fighting
  6292 | D:7      | Reached skill level 9 in Fighting
  6344 | D:7      | Reached skill level 10 in Fighting
  6675 | D:7      | Identified the +4 chain mail of Vampiric Thralls {*Corrode
                  | rF+ rC+ Dex+3}
  6776 | D:7      | Reached skill level 1 in Ranged Weapons
  6952 | D:7      | Reached skill level 11 in Fighting
  7249 | D:8      | Found a burning altar of Makhleb.
  7283 | D:8      | Reached XP level 10. HP: 77/83 MP: 0/0
  7578 | D:8      | Reached skill level 12 in Fighting
  7898 | D:8      | Found Laoppimy's Jewellery Boutique.
  7906 | D:8      | Bought the ring of Subon {rC+ EV+5} for 600 gold pieces
  8223 | D:9      | Reached skill level 5 in Ranged Weapons
  8256 | D:9      | Noticed a two-headed ogre
  8280 | D:9      | Mangled by a two-headed ogre

Illustrated notes

Levels and vault maps discovered:
D:1:      tarquinn_simple_flora_water_d, layout_basic, serial_curves,
          eino_curves_04, eino_curves_01, serial_shops,
          nicolae_shop_behind_doors
D:2:      layout_loops_ring, basic_altar
D:3:      layout_basic, nicolae_ru_awakened_eye, serial_shops,
          nicolae_shop_bloodbath_and_beyond, grunt_ministairs_14
D:4:      layout_basic, lemuel_tele_altar, nicolae_overflow_crystal_walls,
          minmay_temple_entry_hall, ebering_ghost_reflecting_pool,
          kennysheep_generic_room_11
D:5:      minmay_evil_eye, layout_loops_ring,
          grunt_temple_overflow_order_and_chaos_1,
          eino_small_chamber_without_monster, kennysheep_opposing_triangles
D:6:      layout_rooms, serial_shops, shop, minmay_manual_mares
D:7:      layout_loops_ring, nicolae_wu_jian_wuxing_cycle
D:8:      layout_gridville, makhleb_grotto_becter, serial_shops, shop
D:9:      layout_gridville, mainiacjoe_overflow_tiny_flanked,
          minmay_misc_feat_hallway
Temple:   compressed_dpeg_circular_temple

Skill      XL: |  1  2  3  4  5  6  7  8  9 10 |
---------------+-------------------------------+-----
Spellcasting   | 4 5 6 7 |  7.0
Fighting       | 1 7 11 12 | 12.0
Ranged Weapons | 2 5 |  5.3
Dodging        | |  2.1
Stealth        | |  1.5

Action                     |  1- 3 |  4- 6 |  7- 9 | 10-12 || total
---------------------------+-------+-------+-------+-------++-------
  Melee: Unarmed           |     5 |       |       |       ||     5
         Dagger            |       |     2 |     1 |       ||     3
   Fire: Sling             |       |       |    62 |    51 ||   113
   Cast: Freeze            |    51 |    41 |    55 |    21 ||   168
         Frozen Ramparts   |     1 |     8 |    32 |     9 ||    50
         Necrotise         |       |       |     5 |       ||     5
         Ozocubu's Armour  |       |       |     2 |     2 ||     4
  Evoke: Wand              |       |       |     7 |       ||     7
    Use: Scroll            |       |       |     3 |    19 ||    22
         Potion            |       |       |     3 |       ||     3
 Armour: Robe              |     7 |     2 |     8 |     5 ||    22
  Dodge: Dodged            |    20 |    17 |    67 |    32 ||   136

Table legend: (Time is in decaauts)
 A = Elapsed time spent in this place.
 B = Non-inter-level travel time spent in this place.
 C = Inter-level travel time spent in this place.
 D = Time resting spent in this place.
 E = Time spent auto-exploring this place.
 F = Levels seen in this place.
 G = Mean time per level.
                   A        B        C        D        E       F      G
               +--------+--------+--------+--------+--------+-----+--------+
         Total |   8321 |   7932 |    389 |   1075 |   5900 |  10 |  832.1 |
       Dungeon |   8016 |   7636 |    380 |    875 |   5839 |   9 |  890.7 |
        Temple |    304 |    295 |      9 |    200 |     61 |   1 |  304.0 |
               +--------+--------+--------+--------+--------+-----+--------+

Top non-repeatable levels by time:
     D:5: 1596 daAuts
     D:7: 1089 daAuts
     D:8: 1049 daAuts
     D:1: 1038 daAuts
     D:6: 839 daAuts
     D:3: 819 daAuts
     D:4: 757 daAuts
     D:2: 694 daAuts
  Temple: 304 daAuts
     D:9: 132 daAuts
